 Dungeon Crawl Stone Soup version 0.28.0-53-g5a82cb258f (webtiles) character file.

Game seed: 7723101207572184009

109484 Gabide the Impaler (level 16, -7/134 HPs)
             Began as a Ghoul Gladiator on Aug 24, 2022.
             Was a Plaything of Xom.
             Mangled by a very large slime creature (44 damage)
             ... on level 15 of the Dungeon.
             The game lasted 00:49:41 (23241 turns).

Gabide the Impaler (Ghoul Gladiator)               Turns: 23241, Time: 00:49:41

Health: -7/134     AC: 39    Str: 30    XL:     16   Next: 52%
Magic:  15/15      EV: 13    Int:  3    God:    Xom [.*....]
Gold:   2084       SH:  0    Dex:  7    Spells: 15/15 levels left

rFire   + . .      SeeInvis +   G - +6 bardiche of Turmoil {vorpal, rN+ Will++ rCorr Dex+2}
rCold   + + +      Faith    .   (shield currently unavailable)
rNeg    + + +      Spirit   .   K - +10 plate armour "Pacaex" {rC++}
rPois   ∞          Reflect  .   b - +2 helmet
rElec   .          Harm     .   W - +2 cloak of the Thief {*Fog Slay-2 SInv Stlth+}
rCorr   +          Rampage  .   d - +3 pair of gauntlets of War {Slay+5}
Will    ++++.                   I - +2 pair of boots of Satrafem {Str+4 Dex-5}
Stlth   ..........              H - amulet of regeneration
HPRegen 0.00/turn               p - +4 ring of evasion
MPRegen 0.14/turn               P - ring "Picifow" {Drain rF+ rC+ Will+}

@: inhibited regen
A: claws 1, cold resistance 1, negative energy resistance 3, inhibited
regeneration, torment resistance 2
a: Renounce Religion


You were on level 15 of the Dungeon.
You worshipped Xom.
You were a plaything of Xom.
You visited 2 branches of the dungeon, and saw 21 of its levels.
You visited the Abyss 1 time.
You also visited: Sewer, Ossuary, Bailey and Gauntlet.

You collected 2084 gold pieces.

Inventory:

Hand Weapons
 G - the +6 bardiche of Turmoil (weapon) {vorpal, rN+ Will++ rCorr Dex+2}
   (You found it in a bailey)

   It inflicts extra damage upon your enemies.
   Dex:       It affects your dexterity (+2).
   rN:        It protects you from negative energy.
   rCorr:     It protects you from acid and corrosion.
   Will:      It greatly increases your willpower.
 Q - a +7 trident of freezing
Missiles
 c - 3 throwing nets
 m - 2 boomerangs
 s - 5 boomerangs of dispersal
 E - 4 curare-tipped darts
 F - 29 javelins (quivered)
 Y - 4 silver javelins
Armour
 b - a +2 helmet (worn)
 d - the +3 pair of gauntlets of War (worn) {Slay+5}
   (You acquired it on level 5 of the Dungeon)

   Slay:      It affects your accuracy & damage with ranged weapons and melee
   (+5).
 D - a +2 cloak
 I - the +2 pair of boots of Satrafem (worn) {Str+4 Dex-5}
   (You found it on level 6 of the Dungeon)

   Str:       It affects your strength (+4).
   Dex:       It affects your dexterity (-5).
 K - the +10 plate armour "Pacaex" (worn) {rC++}
   (You found it on level 4 of the Lair of Beasts)

   rC:        It greatly protects you from cold.
 W - the +2 cloak of the Thief (worn) {*Fog Slay-2 SInv Stlth+}
   (You found it in a Gauntlet)

   It may release a thick cloud of smoke when the wearer is hurt.
   Slay:      It affects your accuracy & damage with ranged weapons and melee
   (-2).
   SInv:      It lets you see invisible.
   Stlth:     It makes you more stealthy.
Jewellery
 p - a +4 ring of evasion (left hand)
 H - an amulet of regeneration (around neck)
 M - the amulet of Xom's Capriciousness {Faith rC+}
   (You found it in a Gauntlet)

   [amulet of faith]

   It allows you to gain divine favour quickly.
   rC:        It protects you from cold.
 P - the ring "Picifow" (right hand) {Drain rF+ rC+ Will+}
   (Xom gifted it to you on level 11 of the Dungeon)

   [ring of protection from cold]

   rF:        It protects you from fire.
   rC:        It protects you from cold.
   Drain:     It drains your maximum health when unequipped.
   Will:      It increases your willpower.
 R - a ring of protection from fire
 X - a +6 ring of strength
 Z - a ring of magical power
Wands
 o - a wand of polymorph (7)
 t - a wand of paralysis (9)
 v - a wand of mindburst (12)
 y - a wand of iceblast (47)
 J - a wand of acid (1)
 L - a wand of flame (32)
 N - a wand of digging (12)
Scrolls
 a - 10 scrolls of noise
 h - 3 scrolls of blinking
 i - 2 scrolls of fog
 j - 2 scrolls of enchant armour
 l - 3 scrolls of fear
 n - 7 scrolls of immolation
 q - 4 scrolls of silence
 r - 4 scrolls of enchant weapon
 u - 3 scrolls of magic mapping
 w - 13 scrolls of teleportation
 O - 7 scrolls of identify
 T - 3 scrolls of amnesia
Potions
 e - a potion of invisibility
 f - a potion of magic
 g - 4 potions of resistance
 k - 13 potions of curing
 z - 9 potions of brilliance
 A - 3 potions of cancellation
 B - 3 potions of heal wounds
 C - 3 potions of might
 U - a potion of haste
 V - a potion of ambrosia
Miscellaneous
 x - a phantom mirror
 S - a condenser vane


   Skills:
 - Level 10.0 Fighting
 + Level 19.5 Polearms
 - Level 10.0 Throwing
 - Level 10.0 Armour
 - Level 7.0 Dodging
 - Level 9.0 Unarmed Combat


You had 15 spell levels left.
You didn't know any spells.
Your spell library contained the following spells:

 Spells                   Type           Power      Damage    Failure   Level
 Sting                    Tmut/Pois      0%         1d3       99%         1
 Corpse Rot               Necr/Air       0%         N/A       100%        2
 Ensorcelled Hibernation  Hex/Ice        0%         N/A       100%        2
 Poisonous Vapours        Pois/Air       0%         N/A       100%        2
 Static Discharge         Conj/Air       0%         N/A       100%        2
 Confusing Touch          Hex            0%         N/A       100%        3
 Dazzling Flash           Conj/Hex       0%         N/A       100%        3
 Vampiric Draining        Necr           0%         2d6       100%        3
 Anguish                  Hex/Necr       0%         N/A       100%        4
 Animate Armour           Summ/Erth      0%         N/A       100%        4
 Animate Dead             Necr           0%         N/A       100%        4
 Olgreb's Toxic Radiance  Pois           0%         N/A       100%        4
 Agony                    Necr           0%         N/A       100%        5
 Fireball                 Conj/Fire      0%         3d3       100%        5
 Lightning Bolt           Conj/Air       0%         1d11      100%        5
 Silence                  Hex/Air        0%         N/A       100%        5
 Yara's Violent Unravell  Hex/Tmut       0%         3d3       100%        5
 Iron Shot                Conj/Erth      0%         9d1       100%        6
 Enfeeble                 Hex            0%         N/A       100%        7
 Haunt                    Necr/Summ      0%         N/A       100%        7
 Ozocubu's Refrigeration  Ice            0%         4d5       100%        7
 Ignition                 Fire           0%         3d3       100%        8
 Infestation              Necr           0%         N/A       100%        8
 Maxwell's Capacitive Co  Air            0%         ∞         100%        8
 Chain Lightning          Conj/Air       0%         N/A       100%        9
 Fire Storm               Conj/Fire      0%         5d1       100%        9
 Shatter                  Erth           0%         3d5*      100%        9
 Spider Form              Tmut/Pois      Unusable   N/A       N/A         3
 Blade Hands              Tmut           Unusable   N/A       N/A         5

Dungeon Overview and Level Annotations

Branches:
Dungeon (15/15)            Temple (0/1) D:5            Lair (visited)
  Swamp (0/4) Lair:4        Snake (0/4) Lair:4        Slime (0/5) Lair:5
    Orc (0/2) D:11         Vaults (0/5) D:14         Depths (0/4) D:15
  Sewer (visited)         Ossuary (visited)          Bailey (visited)
Gauntlet (visited)

Altars:
Cheibriados
Elyvilon
Nemelex Xobeh
Okawaru
Qazlal
Sif Muna
Trog
Uskayaw
Vehumet
Wu Jian
Xom
Yredelemnul
Zin
Lugonu

Shops:
D:6 [   D:7 !   D:15 =

Portals:
Abyss: Lair:2 Lair:6

Annotations:
D:6 1 transporter


Innate Abilities, Weirdness & Mutations

You thrive by killing the living.
You are immune to poison.
You have sharp fingernails.
Your flesh is cold resistant. (rC+)
You are immune to negative energy. (rN+++)
You do not regenerate when monsters are visible.
You are immune to unholy pain and torment.


Message History

You are too injured to fight recklessly!
You are too injured to fight recklessly!
You are too injured to fight recklessly!
You are too injured to fight recklessly!
You are too injured to fight recklessly!
You are too injured to fight recklessly!
You are too injured to fight recklessly!
You are too injured to fight recklessly!
You are too injured to fight recklessly!
You are too injured to fight recklessly!
You are too injured to fight recklessly!
You are too injured to fight recklessly!
You are too injured to fight recklessly!
You are too injured to fight recklessly!
You are too injured to fight recklessly!
Unknown command.
The slime creature barely misses you.
You slash the slime creature!
The slime creature is heavily wounded.
The slime creature misses you.
The slime creature hits you but does no damage.
A large slime creature splits.
Reach: G) +6 bardiche of Turmoil {vorpal, rN+ Will++ rCorr Dex+2}
Press: ? - help, Dir - move target, f - rakshasa
Aim: a rakshasa, wielding a +0 long sword and wearing a +0 robe (purple smoke, about 41% to evade the +6 bardiche of Turmoil)
The slime creature is in the way.
You slice the slime creature!!
You kill the slime creature!
The slime creature shimmers and vanishes!
The slime creature barely misses you.
Two slime creatures merge to form a large slime creature.
Two slime creatures merge to form a very large slime creature.
You completely miss the rakshasa.
The very large slime creature hits you!!!
* * * LOW HITPOINT WARNING * * *
With a swish of your cloak, you release a cloud of fog.
The rakshasa barely misses you.
A large slime creature splits.
You feel much better.
The very large slime creature hits you!!!
You die...
Xom bursts into laughter!

#......#.....#..#........#..
#......#.....#..#........#..
#...#####...##..#........#..
######.<##.#*##.##...###'######).
........#...#*#..###..........÷..
.......##,...###...#.............
####...#>,,≈J§§##§§#..#####......
#...##,≈≈§#J##§##..#...#......
#....#,,≈*#JR@§§#..#...#......
#....##≈###§J#§##..#...#.#####
####.....###.######...#...'.#...#
......................#...#.#...#
......................#...#.#...#
..######+#............#...#.'...#
..#......'..#######...#...#.#...#
..#......#..#.....#...#...#.#...#
..#......#..#.^...#...#####.#####


You could see a rakshasa, a very large slime creature and 2 slime creatures.

Vanquished Creatures
  Jorgrun (D:13)
  A tentacled starspawn (Abyss:2)
  Kirke (Lair:5)
  Agnes (D:14)
  Nessos (Lair:5)
  Azrael (D:15)
  A minotaur (Gauntlet)
  4 vault guards (D:13)
  A rakshasa (D:15)
  5 hydras
  The ghost of Dismifuto the Slicer, a journeyman DsCK of Wu Jian (Lair:3)
  7 boulder beetles
  2 death knights
  An ogre mage (D:15)
  9 two-headed ogres
  6 centaur warriors
  An alligator (shapeshifter) (D:15)
  A catoblepas (Lair:5)
  2 death scarabs (Gauntlet)
  9 death yaks
  4 thrashing horrors (Lair:6)
  3 tengu warriors
  A spectral death yak (Gauntlet)
  5 skeletal warriors
  A sixfirhy (D:9)
  A wretched star (Gauntlet)
  An orb spider (shapeshifter) (D:8)
  A wizard (D:15)
  A glowing orange brain (D:15)
  A deep elf pyromancer (D:12)
  10 ugly things
  2 oklob plants
  An orc knight (D:15)
  A spectral boulder beetle (Gauntlet)
  3 cyclopes
  4 elephants
  A manticore (D:14)
  A gargoyle (D:10)
  5 black mambas
  15 cane toads
  A rime drake (Lair:2)
  2 unseen horrors
  An unseen horror (shapeshifter) (D:14)
  An efreet (D:14)
  18 komodo dragons
  3 ancient zymes (Lair:6)
  A tengu conjurer (D:15)
  2 polar bears (Lair:6)
  A meliai (D:8)
  3 trolls
  A raiju (shapeshifter) (Lair:6)
  14 dream sheep
  23 blink frogs
  9 slime creatures
  A jumping spider (Lair:6)
  2 spectral black mambas (Gauntlet)
  79 yaks
  4 ynoxinuls (Lair:6)
  3 wyverns
  7 wraiths
  A spriggan (shapeshifter) (D:13)
  A spriggan (Lair:6)
  A vampire (D:10)
  A shadow (D:12)
  A large abomination (Lair:6)
  A yak (shapeshifter) (Lair:6)
  7 basilisks
  4 fire elementals (D:15)
  15 vampire mosquitoes
  2 steam dragons
  2 wargs
  3 acid dragons
  Edmund (D:6)
  6 nagas (Lair:4)
  3 hell hounds (D:15)
  17 water moccasins
  A meliai simulacrum (D:14)
  13 orc warriors
  An ice beast (D:7)
  4 black bears
  4 ogres
  2 necrophages (D:6)
  18 wolves
  24 centaurs
  4 boggarts (Lair:6)
  6 kobold brigands
  9 bullfrogs
  9 small abominations
  3 gnoll sergeants
  A wyvern zombie (D:7)
  2 scorpions
  2 water moccasin skeletons (D:5)
  A hornet simulacrum (D:14)
  A wyvern skeleton (D:7)
  5 killer bees
  6 wights
  4 howler monkeys
  2 electric eels
  3 bullfrog zombies
  3 centaur zombies
  7 orc priests
  Ijyb (D:5)
  3 bullfrog skeletons (D:5)
  3 centaur skeletons
  7 hounds
  4 jellies
  Jessica (D:3)
  2 iguanas
  3 scorpion zombies (D:5)
  13 orc wizards
  3 killer bee zombies
  2 howler monkey zombies
  7 gnolls
  3 river rats (Sewer)
  7 adders
  3 shadow imps
  3 white imps
  An adder zombie (Ossuary)
  4 worms
  2 dart slugs (D:5)
  56 orcs
  13 endoplasms
  7 giant cockroaches
  6 goblins
  12 hobgoblins
  3 jackals
  12 kobolds
  5 quokkas
  15 ball pythons
  2 ball python skeletons (Ossuary)
  7 bats
  4 frilled lizards
  2 hobgoblin zombies (Ossuary)
  A kobold zombie (Ossuary)
  3 orc zombies (Ossuary)
  A rat (D:2)
  A lurking horror (Lair:2)
717 creatures vanquished.

Vanquished Creatures (collateral kills)
  A hydra (Lair:6)
  A catoblepas (Lair:6)
  A cane toad (Lair:6)
  A slime creature (D:14)
  A yak (D:8)
5 creatures vanquished.

Vanquished Creatures (others)
  A yak (Lair:6)
  A small abomination (Lair:6)
  A bush (Lair:3)
  2 butterflies (Lair:5)
  30 fungi
  34 plants
  4 starspawn tentacles (Abyss:2)
  7 withered plants
80 creatures vanquished.

Grand Total: 802 creatures vanquished

Notes
Turn   | Place    | Note
-------+----------+-------------------------------------------
     0 | D:1      | Gabide the Ghoul Gladiator began the quest for the Orb.
     0 | D:1      | Reached XP level 1. HP: 17/17 MP: 0/0
   112 | D:1      | Found a faded altar of an unknown god.
   385 | D:1      | Reached XP level 2. HP: 25/25 MP: 1/1
   975 | D:2      | Reached skill level 1 in Armour
  1062 | D:2      | Reached XP level 3. HP: 30/30 MP: 2/2
  1579 | D:3      | You are sucked into a shaft and drop 2 floors!
  1579 | D:5      | Entered Level 5 of the Dungeon
  1585 | D:5      | Found a glowing drain.
  1606 | Sewer    | Entered a sewer
  1619 | Sewer    | Reached XP level 4. HP: 27/37 MP: 3/3
  2243 | Sewer    | Reached XP level 5. HP: 45/45 MP: 4/4
  2625 | D:5      | Reached XP level 6. HP: 48/52 MP: 5/5
  2811 | D:5      | Noticed Ijyb
  2825 | D:5      | Killed Ijyb
  2826 | D:5      | Reached XP level 7. HP: 44/60 MP: 6/6
  2837 | D:5      | Reached skill level 5 in Fighting
  2837 | D:5      | Reached skill level 5 in Unarmed Combat
  2967 | D:4      | Found a sand-covered staircase.
  2972 | Ossuary  | Entered an ossuary
  3165 | Ossuary  | Noticed a wraith
  3165 | Ossuary  | Noticed a flying skull
  3175 | Ossuary  | Noticed a flying skull
  3176 | Ossuary  | Noticed a flying skull
  3178 | Ossuary  | Noticed a flying skull
  3207 | Ossuary  | Noticed a wraith
  3229 | Ossuary  | Killed a wraith
  3636 | Ossuary  | Noticed a wraith
  3649 | Ossuary  | Killed a wraith
  3650 | Ossuary  | Reached XP level 8. HP: 54/70 MP: 7/7
  5060 | D:3      | Found a basalt altar of Yredelemnul.
  5060 | D:3      | Found a hide-covered altar of Uskayaw.
  5267 | D:3      | Identified the +7 chain mail "Trusted Companion" {Str+2}
  5386 | D:3      | Noticed Jessica
  5404 | D:3      | Killed Jessica
  5465 | D:3      | Found a snail-covered altar of Cheibriados.
  5465 | D:3      | Found an ornate altar of the Wu Jian Council.
  5465 | D:3      | Found an iron altar of Okawaru.
  5794 | D:5      | Found a staircase to the Ecumenical Temple.
  5845 | D:5      | Reached skill level 5 in Throwing
  5845 | D:5      | Reached skill level 5 in Dodging
  5845 | D:5      | Reached XP level 9. HP: 52/79 MP: 8/8
  6363 | D:6      | Found a sparkling altar of Nemelex Xobeh.
  6363 | D:6      | Found a transporter.
  6483 | D:6      | Reached skill level 5 in Armour
  6912 | D:5      | Identified a scroll of acquirement
  6916 | D:5      | Acquired the +3 pair of gauntlets of War {Slay+5}
  6916 | D:5      | Found the +3 pair of gauntlets of War {Slay+5}
  7325 | D:6      | Noticed Edmund
  7339 | D:6      | Killed Edmund
  7340 | D:6      | Reached XP level 10. HP: 79/86 MP: 9/9
  7374 | D:6      | Found a radiant altar of Vehumet.
  7377 | D:6      | Found a shimmering altar of Xom.
  7466 | D:6      | Found Uruasami's Antique Armour Shoppe.
  7485 | D:6      | Identified the +2 pair of boots of Satrafem {Str+4 Dex-5}
  7786 | D:6      | Became a worshipper of Xom of Unknown Intention
  7799 | D:7      | XOM: noise
  7833 | D:7      | XOM: potion effect (might)
  7883 | D:7      | Found Ziedia's Distillery.
  7890 | D:7      | XOM: noise
  7983 | D:7      | XOM: cast spell 'Summon Mana Viper'
  8192 | D:7      | Found a stormy altar of Qazlal.
  8462 | D:7      | XOM: potion effect (invisibility)
  8616 | D:8      | Found a flagged portal.
  8620 | D:8      | Found a shimmering blue altar of Sif Muna.
  8628 | Bailey   | Entered a bailey
  8643 | Bailey   | XOM: blink monster(s)
  8799 | Bailey   | XOM: swap monsters
  8840 | Bailey   | XOM: potion effect (haste)
  8856 | Bailey   | XOM: confusion (+ monsters)
  8989 | Bailey   | Identified the +6 bardiche of Turmoil {vorpal, rN+ Will++
                  | rCorr Dex+2}
  9069 | Bailey   | XOM: confusion
  9077 | Bailey   | XOM: blink monster(s)
  9082 | Bailey   | Reached XP level 11. HP: 97/97 MP: 10/10
  9267 | D:8      | XOM: silly message
  9282 | D:8      | Noticed a two-headed ogre
  9287 | D:8      | XOM: enchant monster (good)
  9291 | D:8      | Reached skill level 1 in Polearms
  9326 | D:8      | Killed a two-headed ogre
  9327 | D:8      | Reached skill level 3 in Polearms
  9400 | D:8      | Reached skill level 4 in Polearms
  9426 | D:8      | Noticed a shock serpent
  9428 | D:8      | Noticed an orb spider
  9428 | D:8      | a shock serpent changed into an orb spider
  9438 | D:8      | Killed an orb spider
  9442 | D:8      | Reached skill level 5 in Polearms
  9643 | D:8      | XOM: silly message
  9696 | D:8      | Noticed a boulder beetle
  9717 | D:8      | XOM: divination: detect creatures
  9724 | D:8      | XOM: divination: detect items
  9730 | D:8      | Killed a boulder beetle
  9731 | D:8      | Reached skill level 6 in Polearms
  9740 | D:8      | XOM: divination: detect creatures
  9799 | D:8      | Identified the +9 short sword of Decrudua {venom, *Corrode
                  | Str+3 Int+8 Dex+2}
  9819 | D:8      | Noticed a two-headed ogre
  9827 | D:8      | Killed a two-headed ogre
  9852 | D:8      | XOM: swap monsters
  9858 | D:8      | Reached skill level 7 in Polearms
  9866 | D:8      | XOM: summons 4 hostile shadow creatures
 10002 | D:8      | Noticed a two-headed ogre
 10004 | D:8      | XOM: chaos cloud
 10009 | D:8      | Killed a two-headed ogre
 10127 | D:8      | XOM: summons 3 hostile demons
 10128 | D:8      | Noticed a sun demon
 10201 | D:9      | XOM: 1-stop teleportation journey
 10250 | D:9      | XOM: chaos upgrade
 10262 | D:9      | Reached skill level 8 in Polearms
 10286 | D:9      | Reached XP level 12. HP: 98/104 MP: 11/11
 10324 | D:9      | XOM: summons 7 hostile demons
 10481 | D:9      | XOM: fake destruction
 10484 | D:9      | Reached skill level 9 in Polearms
 10494 | D:9      | XOM: summons 7 hostile demons
 10495 | D:9      | Noticed a soul eater
 10783 | D:9      | Cast into level 2 of the Abyss (Xom)
 10805 | Abyss:2  | Noticed a lich
 10850 | Abyss:2  | Noticed a tentacled starspawn
 10864 | Abyss:2  | XOM: confusion
 10872 | Abyss:2  | Noticed a thrashing horror
 10879 | Abyss:2  | Killed a tentacled starspawn
 10889 | Abyss:2  | Noticed a thrashing horror
 10889 | Abyss:2  | Noticed a wretched star
 10896 | Abyss:2  | XOM: swap monsters
 10964 | Abyss:2  | Noticed a wretched star
 11001 | Abyss:2  | XOM: summons friendly ufetubus
 11005 | D:9      | Escaped the Abyss
 11128 | D:10     | Entered Level 10 of the Dungeon
 11137 | D:10     | Noticed a two-headed ogre
 11143 | D:10     | Killed a two-headed ogre
 11198 | D:10     | XOM: confusion (+ monsters)
 11201 | D:10     | XOM: smoke on damage
 11203 | D:10     | Reached skill level 10 in Polearms
 11478 | D:10     | XOM: cloud trail
 11895 | D:11     | Found a staircase to the Lair.
 11899 | D:11     | XOM: repel stairs
 11921 | Lair:1   | XOM: noise
 11921 | Lair:1   | Entered Level 1 of the Lair of Beasts
 12097 | Lair:1   | Identified the +1 ring mail "Quifiwoe" {Regen+}
 12104 | Lair:1   | Reached skill level 11 in Polearms
 12154 | Lair:1   | XOM: 3-stop teleportation journey
 12215 | Lair:1   | XOM: cloud trail
 12278 | Lair:1   | XOM: scenery: create altars
 12648 | Lair:1   | XOM: cleaving
 12870 | Lair:2   | XOM: scenery: summon butterflies
 12916 | Lair:2   | Reached skill level 12 in Polearms
 12995 | Lair:2   | XOM: snakes to sticks
 13010 | Lair:2   | Found a corrupted altar of Lugonu.
 13012 | Lair:2   | Found a one-way gate to the infinite horrors of the Abyss.
 13040 | Lair:2   | XOM: cleaving
 13046 | Lair:2   | Reached XP level 13. HP: 111/111 MP: 12/12
 13130 | Lair:2   | XOM: 4-stop teleportation journey
 13206 | Lair:2   | XOM: 1-stop teleportation journey
 13271 | Lair:2   | XOM: enchant monster (bad)
 13273 | Lair:2   | XOM: swap monsters
 13279 | Lair:2   | Reached skill level 13 in Polearms
 13675 | Lair:3   | XOM: noise
 13676 | Lair:3   | XOM: divination: detect creatures
 13708 | Lair:3   | Found a bloodstained altar of Trog.
 13788 | Lair:3   | Reached skill level 14 in Polearms
 13788 | Lair:3   | XOM: divination: magic mapping
 13883 | Lair:3   | Found a runed translucent door.
 13883 | Lair:3   | Noticed Dismifuto's ghost (journeyman DsCK)
 14016 | Lair:3   | XOM: potion effect (brilliance)
 14076 | Lair:3   | XOM: potion effect (brilliance)
 14084 | Lair:3   | XOM: silly message
 14512 | Lair:3   | Killed Dismifuto's ghost
 14621 | Lair:4   | XOM: potion effect (haste)
 14639 | Lair:4   | XOM: noise
 14642 | Lair:4   | XOM: noise
 14646 | Lair:4   | Reached skill level 15 in Polearms
 14774 | Lair:4   | Found a staircase to the Swamp.
 14778 | Lair:4   | XOM: cast spell 'Alistair's Intoxication'
 14829 | Lair:4   | XOM: 2-stop teleportation journey
 14849 | Lair:4   | Found a staircase to the Snake Pit.
 14873 | Lair:4   | XOM: silly message
 14926 | Lair:4   | XOM: silly message
 14979 | Lair:4   | Reached XP level 14. HP: 107/118 MP: 13/13
 15118 | Lair:4   | Identified the +10 plate armour "Pacaex" {rC++}
 15495 | Lair:4   | XOM: summons 2 hostile demons
 15578 | Lair:5   | XOM: potion effect (heal wounds)
 15589 | Lair:5   | XOM: swap monsters
 15608 | Lair:5   | Reached skill level 16 in Polearms
 15701 | Lair:5   | XOM: 1-stop teleportation journey
 15705 | Lair:5   | XOM: blink monster(s)
 15722 | Lair:5   | XOM: summons 1 hostile demon
 15724 | Lair:5   | XOM: swap monsters
 15725 | Lair:5   | XOM: confusion
 15737 | Lair:5   | XOM: blink monster(s)
 15925 | Lair:5   | Found a staircase to the Slime Pits.
 15939 | Lair:5   | XOM: stat loss: -1 Str (26/27)
 15952 | Lair:5   | Noticed Nessos
 15964 | Lair:5   | Killed Nessos
 16155 | Lair:5   | Noticed Kirke
 16159 | Lair:5   | XOM: summons 5 friendly demons
 16161 | Lair:5   | XOM: swap monsters
 16170 | Lair:5   | Killed Kirke
 16348 | Lair:5   | XOM: god gift: +6 ring of strength
 16478 | Lair:6   | Entered Level 6 of the Lair of Beasts
 16495 | Lair:6   | XOM: cast spell 'Olgreb's Toxic Radiance'
 16502 | Lair:6   | XOM: cast spell 'Summon Cactus Giant'
 16535 | Lair:6   | XOM: confuse monster(s)
 16543 | Lair:6   | XOM: god gift: scroll of fear
 16545 | Lair:6   | Reached skill level 17 in Polearms
 16765 | Lair:6   | XOM: summons 2 friendly demons
 16791 | Lair:6   | XOM: scenery: create altars
 16846 | Lair:6   | XOM: summons friendly crimson imp
 16858 | Lair:6   | XOM: fog
 16950 | Lair:6   | XOM: potion effect (invisibility)
 16953 | Lair:6   | XOM: polymorph dream sheep -> jumping spider
 17061 | Lair:6   | XOM: cleaving
 17062 | Lair:6   | XOM: divine lightning
 17078 | Lair:6   | Reached skill level 18 in Polearms
 17083 | Lair:6   | XOM: confuse monster(s)
 17226 | Lair:6   | XOM: confuse monster(s)
 17229 | Lair:6   | XOM: confuse monster(s)
 17231 | Lair:6   | Reached XP level 15. HP: 123/124 MP: 14/14
 17282 | Lair:6   | XOM: enchant monster (good)
 17325 | Lair:6   | Found a corrupted altar of Lugonu.
 17332 | Lair:6   | Acquired 508 gold pieces
 17381 | Lair:6   | XOM: god gift: 57 gold pieces
 17637 | Lair:6   | Got the Handbook of the Unholy Arsonist
 17673 | Lair:6   | XOM: confuse monster(s)
 18170 | D:11     | Identified the ring "Picifow" {Drain rF+ rC+ Will+} (Xom
                  | gifted it to you on level 11 of the Dungeon)
 18170 | D:11     | XOM: god gift: ring "Picifow" {Drain rF+ rC+ Will+}
 18234 | D:11     | Found a staircase to the Orcish Mines.
 18481 | D:11     | XOM: polymorph centaur -> steam dragon
 19008 | D:12     | XOM: summons 1 hostile shadow creature
 19211 | D:12     | XOM: swap monsters
 19371 | D:12     | Reached skill level 10 in Fighting
 19768 | D:12     | XOM: summons 2 hostile shadow creatures
 19907 | D:13     | Noticed Jorgrun
 19907 | D:13     | XOM: scenery: create altars
 19919 | D:13     | Killed Jorgrun
 20260 | D:13     | XOM: swap monsters
 20498 | D:13     | Identified the +8 rapier of Discord {venom, Dex+5 SInv}
 20569 | D:13     | XOM: stat loss: -1 Str (29/30)
 20588 | D:13     | XOM: stat loss: -1 Dex (6/7)
 20656 | D:13     | XOM: silly message
 20878 | D:14     | XOM: confusion (+ monsters)
 20901 | D:14     | Noticed Agnes
 20903 | D:14     | XOM: blink monster(s)
 20905 | D:14     | XOM: summons 2 friendly demons
 20909 | D:14     | Killed Agnes
 20914 | D:14     | XOM: summons 2 friendly demons
 20996 | D:14     | Found a gate to the Vaults.
 20998 | D:14     | XOM: cast spell 'Disjunction'
 21016 | D:14     | XOM: summons friendly ufetubus
 21150 | D:13     | XOM: summons 9 friendly demons
 21152 | D:13     | XOM: confuse monster(s)
 21153 | D:13     | XOM: summons 6 friendly demons
 21156 | D:13     | XOM: cleaving
 21157 | D:13     | XOM: confuse monster(s)
 21321 | D:14     | XOM: fog
 21430 | D:14     | XOM: god gift: 10 stones
 21465 | D:14     | Found a shimmering blue altar of Sif Muna.
 21485 | D:14     | XOM: blink monster(s)
 21489 | D:14     | XOM: enchant monster (bad)
 21511 | D:13     | Reached XP level 16. HP: 81/134 MP: 15/15
 21640 | D:14     | XOM: summons 9 hostile demons
 21793 | D:14     | XOM: blink monster(s)
 21794 | D:14     | XOM: scenery: summon butterflies
 21989 | D:14     | XOM: summons 3 hostile demons
 22030 | D:15     | Entered Level 15 of the Dungeon
 22043 | D:15     | XOM: 1-stop teleportation journey
 22089 | D:15     | Found Gyodyl's Jewellery Boutique.
 22096 | D:15     | Found a gate leading to a gauntlet.
 22105 | Gauntlet | Entered a Gauntlet
 22105 | Gauntlet | Found a transporter.
 22105 | Gauntlet | Found a transporter.
 22106 | Gauntlet | Found a transporter.
 22109 | Gauntlet | Found a transporter.
 22111 | Gauntlet | Found a transporter.
 22111 | Gauntlet | Found a large runed translucent door.
 22112 | Gauntlet | Found a large runed translucent door.
 22113 | Gauntlet | Found a large runed translucent door.
 22113 | Gauntlet | Found a large runed translucent door.
 22113 | Gauntlet | Found a runed translucent door.
 22114 | Gauntlet | Found a large runed translucent door.
 22115 | Gauntlet | Found a large runed translucent door.
 22116 | Gauntlet | Found a large runed translucent door.
 22116 | Gauntlet | Found a large runed translucent door.
 22117 | Gauntlet | Found a runed translucent gate.
 22119 | Gauntlet | Found the +2 cloak of the Thief {*Fog Slay-2 SInv Stlth+}
 22123 | Gauntlet | Found a transporter.
 22124 | Gauntlet | Found a transporter.
 22133 | Gauntlet | Found a transporter.
 22226 | Gauntlet | Found a transporter.
 22228 | Gauntlet | Found a large runed translucent door.
 22229 | Gauntlet | Found a large runed translucent door.
 22230 | Gauntlet | Found a large runed translucent door.
 22230 | Gauntlet | Found a large runed translucent door.
 22230 | Gauntlet | Found a runed translucent door.
 22231 | Gauntlet | Found a large runed translucent door.
 22232 | Gauntlet | Found a large runed translucent door.
 22233 | Gauntlet | Found a large runed translucent door.
 22233 | Gauntlet | Found a large runed translucent door.
 22234 | Gauntlet | Found a runed translucent gate.
 22234 | Gauntlet | Found a runed translucent gate.
 22236 | Gauntlet | Found a transporter.
 22240 | Gauntlet | Found a transporter.
 22252 | Gauntlet | Found a transporter.
 22344 | Gauntlet | Reached skill level 19 in Polearms
 22346 | Gauntlet | Identified the amulet of Xom's Capriciousness {Faith rC+}
 22371 | Gauntlet | XOM: potion effect (might)
 22442 | Gauntlet | XOM: potion effect (might)
 22583 | D:15     | Reached skill level 10 in Armour
 22650 | D:15     | XOM: cast spell 'Olgreb's Toxic Radiance'
 22653 | D:15     | XOM: noise
 22654 | D:15     | XOM: destruction
 22657 | D:15     | Reached skill level 10 in Throwing
 22661 | D:15     | XOM: enchant monster (good)
 22747 | D:15     | Noticed Azrael
 22750 | D:15     | Killed Azrael
 22750 | D:15     | XOM: silly message
 23241 | D:15     | Mangled by a very large slime creature

Illustrated notes

Levels and vault maps discovered:
D:1:      dpeg_arrival_concentric_ovals, layout_basic,
          hellmonk_ecumenical_altar_pennies_from_heaven
D:2:      layout_basic
D:3:      layout_loops_cross, nicolae_overflow_hidden_temple, uniq_jessica
D:4:      layout_basic, enter_ossuary_2, minmay_goblin_kobold_house
D:5:      layout_cave_pools, minmay_temple_entry_enclosed_plants,
          cheibrodos_sewer_entry_drain, serial_undead, serial_undead_a,
          serial_undead_a, serial_undead_b, serial_undead_e, uniq_ijyb
D:6:      layout_basic, grunt_nemelex_the_gamble, nicolae_overflow_squiral,
          serial_shops, kennysheep_mini, grunt_decor_arrowhead,
          minmay_quadrilaterals, uniq_edmund
D:7:      layout_loops_corners, nicolae_qazlal_style_of_elements, serial_shops,
          nicolae_shop_statue_plus
D:8:      minmay_the_grid_plus_closed [minmay_the_grid_all_tris,
          minmay_the_grid_spikes, minmay_the_grid_medium_cups,
          minmay_the_grid_plusring, minmay_the_grid_prize_diamond_cup],
          layout_basic, mainiacjoe_overflow_concentric_impassable, zin_statuary,
          overflow_temple_1_default, enter_bailey_6
D:9:      layout_rooms
D:10:     layout_long_grid, statue_in_the_mist_lemuel, nicolae_two_hexagons
D:11:     layout_roguey, dpeg_oklobed_lair, david_orc_3
D:12:     layout_stronghold, minmay_puff
D:13:     layout_loops_ring, hangedman_ranch, uniq_jorgrun
D:14:     layout_cave_pools, lightli_vaults_fourway_checkpoint, led_sif_pool,
          uniq_agnes
D:15:     gammafunk_enter_depths_forms, layout_irregular_city, serial_shops,
          nicolae_shop_behind_doors, gauntlet_entry_generic,
          chequers_serial_rivers_room_b, uniq_azrael
Lair:1:   layout_cave_pods
Lair:2:   layout_gridlike, amcnicky_altar_lugonu_corruption
Lair:3:   layout_loops_ring, gammafunk_ghost_grave, basic_altar
Lair:4:   hellmonk_warped_wall, layout_regular_city, minmay_swamp_entry_swarm,
          minmay_snake_entry_guardpost_large, serial_bayou_shore_b,
          infiniplex_staircase_pool
Lair:5:   layout_loops_ring, nicolae_slime_entry_slimehenge,
          hangedman_lair_generics_rect, lemuel_fruit_fields, uniq_nessos,
          uniq_kirke
Lair:6:   hellmonk_lair_end_abyssal_woods, layout_cave_pods,
          kilobyte_rumbling_trees, grunt_megastairs_1

Skill      XL: |  1  2  3  4  5  6  7  8  9 10 11 12 13 14 15 16 |
---------------+-------------------------------------------------+-----
Throwing       | 2 3 4 5 6 7 9 10 | 10.0
Armour         | 1 2 7 9 10 | 10.0
Dodging        | 3 5 6 7 |  7.0
Fighting       | 3 4 6 7 9 10 | 10.0
Unarmed Combat | 4 6 7 9 |  9.0
Polearms       | 8 12 15 18 19 | 19.5

Action                   |  1- 3 |  4- 6 |  7- 9 | 10-12 | 13-15 | 16-18 || total
-------------------------+-------+-------+-------+-------+-------+-------++-------
Melee: Unarmed           |   106 |   182 |   441 |   329 |       |       ||  1058
       Punch             |     3 |     4 |    12 |    33 |    30 |       ||    82
       Trident           |       |       |       |   385 |   446 |       ||   831
       Bardiche          |       |       |       |    24 |   560 |   203 ||   787
Throw: Throwing net      |       |     2 |     4 |       |       |       ||     6
       Dart              |       |       |     2 |       |       |       ||     2
       Boomerang         |       |       |       |     2 |       |       ||     2
       Javelin           |       |       |       |     8 |    12 |       ||    20
  Use: Potion            |       |       |     5 |     2 |       |     2 ||     9
       Scroll            |       |       |    12 |     8 |     8 |     3 ||    31
 Stab: Held in net/web   |       |       |     1 |       |       |       ||     1
       Invisible         |       |       |       |     2 |     2 |       ||     4
       Sleeping          |       |       |       |     1 |     1 |       ||     2
       Confused          |       |       |       |       |     4 |       ||     4
       Petrified         |       |       |       |       |     2 |       ||     2
       Petrifying        |       |       |       |       |     1 |       ||     1
       Paralysed         |       |       |       |       |       |     1 ||     1
Armor: Ring mail         |    38 |    61 |    64 |       |       |       ||   163
       Chain mail        |       |       |   137 |   464 |    98 |       ||   699
       Plate armour      |       |       |       |       |   542 |   178 ||   720
Dodge: Dodged            |    81 |   197 |   327 |   607 |   608 |   137 ||  1957
